 Dungeon Crawl Stone Soup version 0.31.0-1-g2c135a0 (webtiles) character file.

Game seed: 9857014068804512780

118 bonegar the Sneak (level 5, -4/43 HPs)
             Began as a Naga Enchanter on Feb 13, 2024.
             Slain by an iguana (10 damage)
             ... on level 4 of the Dungeon.
             The game lasted 00:08:14 (1203 turns).

bonegar the Sneak (Naga Enchanter)                  Turns: 1203, Time: 00:08:14

Health: -4/43      AC:  2    Str: 10    XL:     5   Next: 2%
Magic:  0/8        EV: 10    Int: 16    God:
Gold:   50         SH:  0    Dex: 13    Spells: 3/8 levels left

rFire   . . .        a - +1 dagger
rCold   . . .        (no shield)
rNeg    . . .        b - +0 robe
rPois   +            (no helmet)
rElec   .            (no cloak)
rCorr   .            (no gloves)
SInv    +            (no barding)
Will    .....        (no amulet)
Stlth   +++          (no ring)
HPRegen 0.27/turn    (no ring)
MPRegen 0.11/turn

%: no passive effects
@: very slightly contaminated, very slow
A: AC +1, large, see invisible, deformed body, poison resistance, slowness 2,
spit poison 1, naga tail 1
a: Spit Poison


You were on level 4 of the Dungeon.
You visited 1 branch of the dungeon, and saw 3 of its levels.

You collected 50 gold pieces.

Inventory:

Hand Weapons
 a - a +1 dagger (weapon)
Armour
 b - a +0 robe (worn)
Jewellery
 h - a +6 ring of dexterity
Scrolls
 c - a scroll of identify {unknown}
 e - 3 scrolls of teleportation {unknown}
 g - a scroll of brand weapon {unknown}
Potions
 f - a potion of haste {unknown}


   Skills:
 + Level 0.9 Fighting
 + Level 1.9 Short Blades
 + Level 1.8 Dodging
 + Level 6.4 Stealth
 + Level 2.3 Spellcasting
 + Level 3.5 Hexes
 + Level 0.1 Ice Magic


You had 3 spell levels left.
You knew the following spells:

 Your Spells              Type           Power      Damage    Failure   Level
a - Ensorcelled Hibernat  Hex/Ice        14%        N/A       14%         2
b - Confusing Touch       Hex            13%        N/A       14%         3

Your spell library contained the following spells:

 Spells                   Type           Power      Damage    Failure   Level
 Tukima's Dance           Hex            13%        N/A       14%         3
 Foxfire                  Conj/Fire      4%         2x1d4     21%         1
 Dazzling Flash           Conj/Hex       14%        N/A       28%         3
 Lesser Beckoning         Tloc           2%         N/A       30%         2
 Gell's Gravitas          Tloc           1%         N/A       52%         3
 Teleport Other           Tloc           1%         N/A       52%         3
 Plasma Beam              Fire/Air       0%         2x1d10    100%        6
 Starburst                Conj/Fire      0%         6d3       100%        6


Dungeon Overview and Level Annotations

Branches:
Dungeon (2/15)

Altars:

Shops:
D:4 =


Innate Abilities, Weirdness & Mutations

Your serpentine skin is tough. (AC +1)
You have supernaturally acute eyesight. (SInv)
Armour fits poorly on your strangely shaped body.
Your system is resistant to poisons. (rPois)
You cover ground very slowly.
You can spit poison.
You have a snake-like lower body.


Message History

Press: ? - help, Shift-Dir - straight line, f - iguana
Aim: an iguana (lightly wounded, chance to affect: 50%)
The iguana resists with some effort.
The iguana bites you!
* * * LOW HITPOINT WARNING * * *
Casting: Ensorcelled Hibernation (safe; 14% risk of failure)
Confirm with . or Enter, or press ? or * to list all spells.
Aiming: Ensorcelled Hibernation (safe; 14% risk of failure)
Press: ? - help, Shift-Dir - straight line, f/p - iguana
Aim: an iguana (lightly wounded, chance to affect: 50%)
The iguana resists with some effort.
The iguana barely misses you.
Casting: Ensorcelled Hibernation (safe; 14% risk of failure)
Confirm with . or Enter, or press ? or * to list all spells.
Aiming: Ensorcelled Hibernation (safe; 14% risk of failure)
Press: ? - help, Shift-Dir - straight line, f/p - iguana
Aim: an iguana (lightly wounded, chance to affect: 50%)
You miscast Ensorcelled Hibernation.
You are very lightly contaminated with residual magic.
Nothing appears to happen.
The iguana misses you.
Casting: Ensorcelled Hibernation (safe; 14% risk of failure)
Confirm with . or Enter, or press ? or * to list all spells.
Aiming: Ensorcelled Hibernation (safe; 14% risk of failure)
Press: ? - help, Shift-Dir - straight line, f/p - iguana
Aim: an iguana (lightly wounded, chance to affect: 50%)
The iguana resists with some effort.
The iguana barely misses you.
Casting: Ensorcelled Hibernation (safe; 14% risk of failure)
Confirm with . or Enter, or press ? or * to list all spells.
You don't have enough magic to cast this spell.
It was a potion of curing.
You feel better. The iguana bites you!
* * * LOW HITPOINT WARNING * * *
Unknown command.
You hit the iguana.
The iguana is moderately wounded.
The iguana barely misses you.
You hit the iguana.
The iguana is moderately wounded.
The iguana barely misses you.
You barely miss the iguana.
The iguana is moderately wounded.
The iguana bites you!
You die...

#.....# #.# #[..#.##
#.#
#...#.<####.#########
#...#................
#.#.....###.########.
##...#..###.# #.
...#...........# #.
......†.#).##### #.
..#####@...# #. .
#l#.## #. #.#.# ##
#...# #.### #.# ..
... ### #. ... ..# .
#.# ##.#####


You could see an iguana.

Vanquished Creatures
  A scorpion (D:4)
  A bombardier beetle (D:4)
  A dart slug (D:1)
  A bat (D:1)
  3 endoplasms
  2 giant cockroaches (D:1)
  A goblin (D:1)
  2 hobgoblins
  2 quokkas
  6 ball pythons
  5 frilled lizards (D:1)
  4 kobolds
  2 rats (D:1)
31 creatures vanquished.

Notes
Turn   | Place    | Note
-------+----------+-------------------------------------------
     0 | D:1      | bonegar the Naga Enchanter began the quest for the Orb.
     0 | D:1      | Reached XP level 1. HP: 15/15 MP: 3/3
   188 | D:1      | Reached XP level 2. HP: 13/22 MP: 5/5
   196 | D:1      | Learned a level 2 spell: Ensorcelled Hibernation
   846 | D:2      | Reached skill level 5 in Stealth
   910 | D:2      | You fall into a shaft and drop 2 floors!
   911 | D:4      | Found Utapaec's Jewellery Shop.
   952 | D:4      | Reached XP level 3. HP: 22/30 MP: 6/6
   956 | D:4      | Learned a level 3 spell: Confusing Touch
  1075 | D:4      | Noticed a scorpion
  1084 | D:4      | Killed a scorpion
  1085 | D:4      | Reached skill level 6 in Stealth
  1085 | D:4      | Reached XP level 4. HP: 37/37 MP: 7/7
  1096 | D:4      | Reached XP level 5. HP: 43/43 MP: 8/8
  1203 | D:4      | Slain by an iguana

Illustrated notes

Levels and vault maps discovered:
D:1:      heliophobic_arrival_battle_scene, layout_basic, nrook_uturn
D:2:      layout_loops_corners
D:4:      layout_loops_ring, serial_shops, nicolae_shop_advertising_works
          [nicolae_subvault_shop_adworks], shop

Skill      XL: |  1  2  3 |
---------------+----------+-----
Stealth        | 5 6 |  6.4
Fighting       | |  0.9
Short Blades   | |  1.9
Dodging        | |  1.8
Spellcasting   | |  2.3
Hexes          | |  3.5
Ice Magic      | |  0.1

Action                     |  1- 3 |  4- 6 || total
---------------------------+-------+-------++-------
  Melee: Dagger            |    66 |    15 ||    81
   Cast: Ensorcelled Hiber |     4 |     3 ||     7
Ability: Spit Poison       |     1 |       ||     1
    Use: Potion            |     2 |     1 ||     3
   Stab: Sleeping          |    10 |     2 ||    12
         Invisible         |     1 |       ||     1
 Armour: Robe              |    43 |     8 ||    51
  Dodge: Dodged            |    29 |     8 ||    37
